General information
- name: BNet
- type: Ladder team game (AT/RT)
- host: Battle.net
- saver: tree.
map: MarketSquare
- players: 8
- length: 37:05
- speed: Fast
- version: 1.26 W3XP
- replay type: Public
» download(196 KB)
Players
team 1 (winner)

»
ih8naggers (
pink | 61 APM | 1560 actions | 25:46)
5 Archmage
3 Summon Water Elemental
2 Brilliance Aura
6 Paladin
2 Holy Light
1 Divine Shield
2 Devotion Aura
1 Resurrection
» actions
| Build / train | 82 | |
| Enter build submenu | 30 | |
| Enter hero's abilities submenu | 11 | |
| Give item / drop item | 1 | |
| Right click | 769 | |
| Select / deselect | 559 | |
| Use ability | 108 | |
1560 total
» units
| Peasant | 18 | |
| Footman | 6 | |
| Dragonhawk Rider | 6 | |
| Gryphon Rider | 6 | |
36 total
» upgrades
| Masonry | 3 | |
| Swords | 3 | |
| Armor | 3 | |
| Lumber Harvesting | 1 | |
| Storm Hammers | 1 | |
| Cloud | 1 | |
| Animal War Training | 1 | |
13 total
» buildings
| Altar of Kings | 1 | |
| Farm | 10 | |
| Barracks | 1 | |
| Scout Tower | 9 | |
| Lumber Mill | 2 | |
| Arcane Vault | 1 | |
| Arcane Tower | 3 | |
| Guard Tower | 6 | |
| Town Hall | 1 | |
| Keep | 1 | |
| Blacksmith | 1 | |
| Gryphon Aviary | 3 | |
| Castle | 1 | |
40 total
» build order
00:06 Altar of Kings
00:10 Farm
00:15 Farm
01:20 Barracks
01:35 Farm
02:02 Scout Tower
02:08 Lumber Mill
02:19 Arcane Vault
02:49 Arcane Tower
02:53 Farm
03:18 Scout Tower
03:32 Scout Tower
04:29 Guard Tower
04:54 Town Hall
05:01 Scout Tower
05:45 Guard Tower
06:07 Arcane Tower
06:43 Scout Tower
06:46 Keep
07:08 Farm
07:21 Guard Tower
07:23 Scout Tower
07:45 Blacksmith
07:50 Scout Tower
07:59 Arcane Tower
08:05 Scout Tower
08:18 Guard Tower
08:37 Guard Tower
08:41 Lumber Mill
08:59 Scout Tower
09:03 Farm
09:27 Gryphon Aviary
09:28 Guard Tower
09:31 Castle
09:47 Farm
10:11 Gryphon Aviary
10:51 Gryphon Aviary
11:02 Farm
11:50 Farm
13:14 Farm
» items
| Orb of Fire | 1 | |
| Scroll of Regeneration | 3 | |
| Scroll of Town Portal | 5 | |
9 total
tree. (
green | 60 APM | 2209 actions | 37:05)
9 Mountain King
3 Storm Bolt
3 Bash
2 Avatar
1 Thunder Clap
» actions
| Assign group hotkey | 58 | |
| Basic commands | 32 | |
| Build / train | 179 | |
| Enter build submenu | 60 | |
| Enter hero's abilities submenu | 9 | |
| Give item / drop item | 10 | |
| Remove unit from queue | 15 | |
| Right click | 795 | |
| Select / deselect | 582 | |
| Select group hotkey | 361 | |
| Use ability | 108 | |
2209 total
» units
| Peasant | 17 | |
| Footman | 26 | |
| Gryphon Rider | 12 | |
| Dragonhawk Rider | 10 | |
| Rifleman | -1 | |
64 total
» upgrades
| Masonry | 3 | |
| Swords | 3 | |
| Lumber Harvesting | 2 | |
| Armor | 3 | |
| Animal War Training | 1 | |
| Storm Hammers | 1 | |
| Backpack | 1 | |
| Cloud | 1 | |
| Gunpowder | 3 | |
| Plating | 4 | |
| Magic Sentry | 1 | |
| Sorceress Training | 2 | |
| Flying Machine Bombs | 1 | |
| Flak Cannons | 1 | |
| Long Rifles | 1 | |
| Fragmentation Shards | 1 | |
| Barrage | 1 | |
| Priest Training | 2 | |
| Flare | 1 | |
33 total
» buildings
| Altar of Kings | 1 | |
| Farm | 13 | |
| Barracks | 1 | |
| Scout Tower | 33 | |
| Arcane Tower | 4 | |
| Lumber Mill | 1 | |
| Arcane Vault | 2 | |
| Town Hall | 1 | |
| Guard Tower | 24 | |
| Keep | 1 | |
| Blacksmith | 1 | |
| Castle | 1 | |
| Gryphon Aviary | 3 | |
| Arcane Sanctum | 1 | |
| Workshop | 2 | |
| Cannon Tower | 3 | |
92 total
» build order
00:04 Altar of Kings
00:09 Farm
00:25 Barracks
01:11 Farm
01:33 Scout Tower
02:49 Arcane Tower
03:23 Lumber Mill
03:40 Arcane Vault
03:54 Farm
03:57 Scout Tower
04:59 Town Hall
05:07 Scout Tower
05:19 Guard Tower
05:36 Guard Tower
06:17 Keep
06:37 Farm
06:47 Arcane Vault
06:59 Blacksmith
07:13 Scout Tower
08:01 Scout Tower
08:03 Scout Tower
08:10 Guard Tower
08:26 Scout Tower
08:31 Guard Tower
08:31 Guard Tower
08:53 Arcane Tower
09:27 Castle
09:34 Scout Tower
10:05 Guard Tower
10:13 Scout Tower
10:14 Scout Tower
10:49 Guard Tower
10:52 Gryphon Aviary
11:12 Guard Tower
11:58 Gryphon Aviary
15:30 Scout Tower
15:33 Scout Tower
16:03 Farm
16:10 Farm
16:12 Farm
16:32 Guard Tower
18:24 Farm
18:26 Farm
18:30 Farm
18:35 Scout Tower
18:37 Scout Tower
18:38 Scout Tower
20:22 Guard Tower
21:36 Arcane Sanctum
21:41 Scout Tower
21:44 Scout Tower
21:50 Scout Tower
22:40 Guard Tower
22:40 Guard Tower
22:40 Guard Tower
23:06 Scout Tower
23:08 Scout Tower
23:09 Scout Tower
23:16 Farm
23:18 Farm
23:37 Guard Tower
24:05 Guard Tower
24:30 Guard Tower
25:03 Farm
25:48 Gryphon Aviary
28:16 Scout Tower
28:24 Scout Tower
28:26 Scout Tower
28:55 Guard Tower
28:59 Guard Tower
29:26 Guard Tower
30:03 Scout Tower
30:50 Guard Tower
31:15 Workshop
31:16 Workshop
31:54 Scout Tower
31:56 Scout Tower
31:58 Scout Tower
33:37 Guard Tower
33:37 Guard Tower
33:45 Scout Tower
33:47 Scout Tower
33:48 Scout Tower
34:38 Cannon Tower
34:48 Cannon Tower
35:14 Cannon Tower
35:24 Scout Tower
35:25 Scout Tower
35:54 Guard Tower
36:01 Arcane Tower
36:23 Arcane Tower
» items
| Scroll of Regeneration | 5 | |
| Lesser Clarity Potion | 4 | |
| Mechanical Critter | 1 | |
| Orb of Fire | 2 | |
| Potion of Healing | 6 | |
| Scroll of Town Portal | 2 | |
| Boots of Speed | 1 | |
| Staff of Teleportation | 1 | |
| Scroll of Healing | 2 | |
24 total
Beelzebob (
purple | 39 APM | 1440 actions | 37:03)
9 Death Knight
3 Death Coil
3 Unholy Aura
2 Death Pact
1 Animate Dead
» actions
| Assign group hotkey | 111 | |
| Basic commands | 21 | |
| Build / train | 65 | |
| Enter build submenu | 27 | |
| Enter hero's abilities submenu | 9 | |
| Right click | 760 | |
| Select / deselect | 252 | |
| Select group hotkey | 122 | |
| Use ability | 73 | |
1440 total
» units
| Acolyte | 11 | |
| Ghoul | 8 | |
| Frost Wyrm | 13 | |
32 total
» upgrades
| Creature Carapace | 3 | |
| Creature Attack | 3 | |
| Freezing Breath | 1 | |
7 total
» buildings
| Altar of Darkness | 1 | |
| Ziggurat | 10 | |
| Crypt | 1 | |
| Tomb of Relics | 1 | |
| Graveyard | 2 | |
| Nerubian Tower | 1 | |
| Halls of the Dead | 1 | |
| Spirit Tower | 3 | |
| Black Citadel | 1 | |
| Sacrificial Pit | 1 | |
| Boneyard | 3 | |
25 total
» build order
00:32 Altar of Darkness
00:34 Ziggurat
00:37 Crypt
01:00 Ziggurat
02:07 Tomb of Relics
03:28 Graveyard
03:43 Ziggurat
03:57 Nerubian Tower
05:06 Halls of the Dead
08:15 Ziggurat
08:16 Ziggurat
08:16 Ziggurat
09:13 Spirit Tower
09:14 Ziggurat
09:17 Ziggurat
09:24 Ziggurat
09:25 Ziggurat
09:33 Black Citadel
09:36 Sacrificial Pit
10:19 Spirit Tower
10:48 Spirit Tower
12:04 Boneyard
12:06 Boneyard
12:07 Boneyard
34:01 Graveyard
» items
| Rod of Necromancy | 1 | |
| Boots of Speed | 1 | |
| Staff of Teleportation | 1 | |
| Periapt of Vitality | 1 | |
| Scroll of Town Portal | 2 | |
| Orb of Corruption | 1 | |
| Potion of Healing | 1 | |
| Scroll of Healing | 1 | |
9 total

»
KakaenMiPene (
yellow | 22 APM | 31 actions | 01:23)
» actions
| Basic commands | 3 | |
| Right click | 10 | |
| Select / deselect | 16 | |
| Use ability | 2 | |
31 total
team 2 (loser)

»
UCanCallMeSock (
teal | 36 APM | 1336 actions | 37:02)
5 Blademaster
3 Wind Walk
2 Critical Strike
1 Mountain King
1 Bash
» actions
| Assign group hotkey | 2 | |
| Basic commands | 3 | |
| Build / train | 81 | |
| Enter build submenu | 21 | |
| Enter hero's abilities submenu | 6 | |
| Remove unit from queue | 1 | |
| Right click | 783 | |
| Select / deselect | 315 | |
| Select group hotkey | 1 | |
| Use ability | 122 | |
1336 total
» units
| Peon | 12 | |
| Grunt | 3 | |
| Demolisher | 1 | |
| Wind Rider | 9 | |
| Troll Batrider | 10 | |
| Raider | 7 | |
| Sorceress | 16 | |
58 total
» upgrades
| Armor | 3 | |
| Pillage | 1 | |
| Ranged Weapons | 2 | |
| Envenomed Spears | 1 | |
| Liquid Fire | 1 | |
| Reinforced Defenses | 1 | |
| Spiked Barricades | 1 | |
| Sorceress Training | 1 | |
11 total
» buildings
| Orc Burrow | 6 | |
| Altar of Storms | 1 | |
| Barracks | 1 | |
| Voodoo Lounge | 1 | |
| War Mill | 1 | |
| Great Hall | 1 | |
| Stronghold | 1 | |
| Watch Tower | 4 | |
| Beastiary | 2 | |
| Fortress | 1 | |
19 total
» build order
00:08 Orc Burrow
00:24 Altar of Storms
01:03 Orc Burrow
01:28 Barracks
02:54 Voodoo Lounge
03:18 Orc Burrow
04:00 War Mill
04:18 Great Hall
05:28 Stronghold
05:32 Watch Tower
05:35 Watch Tower
06:57 Watch Tower
08:03 Beastiary
08:35 Beastiary
09:15 Orc Burrow
10:21 Orc Burrow
10:29 Watch Tower
11:29 Fortress
16:46 Orc Burrow
» items
JollyCooperatn (
orange | 62 APM | 1449 actions | 23:33)
6 Mountain King
3 Storm Bolt
2 Bash
1 Avatar
5 Paladin
2 Holy Light
1 Divine Shield
2 Devotion Aura
» actions
| Assign group hotkey | 29 | |
| Basic commands | 95 | |
| Build / train | 58 | |
| ESC pressed | 3 | |
| Enter build submenu | 23 | |
| Enter hero's abilities submenu | 11 | |
| Give item / drop item | 1 | |
| Right click | 285 | |
| Select / deselect | 243 | |
| Select group hotkey | 629 | |
| Use ability | 72 | |
1449 total
» units
| Peasant | 7 | |
| Footman | 3 | |
| Rifleman | 8 | |
| Spell Breaker | 4 | |
| Gryphon Rider | 9 | |
| Priest | 1 | |
| Sorceress | 3 | |
35 total
» upgrades
| Swords | 1 | |
| Animal War Training | 1 | |
| Long Rifles | 1 | |
| Control Magic | 1 | |
4 total
» buildings
| Barracks | 1 | |
| Farm | 14 | |
| Altar of Kings | 1 | |
| Blacksmith | 1 | |
| Scout Tower | 1 | |
| Arcane Vault | 1 | |
| Arcane Tower | 1 | |
| Lumber Mill | 1 | |
| Keep | 1 | |
| Castle | 1 | |
| Arcane Sanctum | 1 | |
| Gryphon Aviary | 1 | |
| Town Hall | 1 | |
26 total
» build order
00:14 Barracks
00:17 Farm
01:06 Farm
01:18 Altar of Kings
01:44 Blacksmith
02:05 Farm
02:51 Farm
03:05 Scout Tower
03:23 Arcane Vault
03:40 Arcane Tower
03:42 Farm
04:28 Farm
04:32 Lumber Mill
05:27 Keep
05:51 Farm
06:57 Farm
07:48 Castle
08:33 Arcane Sanctum
08:37 Gryphon Aviary
08:57 Farm
08:59 Farm
10:15 Farm
11:28 Farm
12:56 Farm
15:47 Farm
21:28 Town Hall
» items
| Lesser Clarity Potion | 1 | |
| Scroll of Town Portal | 1 | |
| Orb of Lightning | 1 | |
3 total
MASS-EFFECT-3 (
red | 48 APM | 1793 actions | 36:59)
8 Dreadlord
3 Sleep
3 Carrion Swarm
1 Inferno
1 Vampiric Aura
» actions
| Assign group hotkey | 48 | |
| Basic commands | 52 | |
| Build / train | 59 | |
| Enter build submenu | 18 | |
| Enter hero's abilities submenu | 8 | |
| Give item / drop item | 6 | |
| Right click | 660 | |
| Select / deselect | 214 | |
| Select group hotkey | 646 | |
| Use ability | 82 | |
1793 total
» units
| Acolyte | 12 | |
| Ghoul | 4 | |
| Crypt Fiend | 4 | |
| Gargoyle | 4 | |
| Frost Wyrm | 3 | |
27 total
» upgrades
| Creature Attack | 2 | |
| Creature Carapace | 2 | |
| Freezing Breath | 1 | |
5 total
» buildings
| Graveyard | 1 | |
| Crypt | 3 | |
| Altar of Darkness | 1 | |
| Ziggurat | 11 | |
| Tomb of Relics | 1 | |
| Nerubian Tower | 1 | |
| Halls of the Dead | 2 | |
| Necropolis | 1 | |
| Spirit Tower | 3 | |
| Black Citadel | 2 | |
| Sacrificial Pit | 1 | |
| Boneyard | 2 | |
29 total
» build order
00:09 Graveyard
00:12 Crypt
00:48 Altar of Darkness
01:06 Ziggurat
01:44 Tomb of Relics
02:05 Ziggurat
02:14 Nerubian Tower
04:08 Halls of the Dead
04:09 Halls of the Dead
04:47 Ziggurat
05:08 Ziggurat
07:02 Necropolis
07:29 Spirit Tower
08:53 Ziggurat
08:53 Ziggurat
08:55 Ziggurat
08:59 Crypt
09:02 Black Citadel
09:27 Sacrificial Pit
09:29 Crypt
09:32 Ziggurat
10:23 Spirit Tower
11:34 Boneyard
11:34 Boneyard
16:53 Ziggurat
16:53 Ziggurat
16:53 Ziggurat
18:20 Spirit Tower
» items
| Rod of Necromancy | 2 | |
| Staff of Teleportation | 1 | |
| Potion of Lesser Invulnerability | 2 | |
| Orb of Corruption | 1 | |
| Scroll of Healing | 1 | |
| Scroll of Town Portal | 1 | |
8 total
d5auto (
blue | 33 APM | 789 actions | 23:37)
5 Tauren Chieftain
1 War Stomp
3 Endurance Aura
1 Shockwave
4 Shadow Hunter
2 Healing Wave
1 Hex
1 Serpent Ward
» actions
| Build / train | 72 | |
| Enter build submenu | 30 | |
| Enter hero's abilities submenu | 9 | |
| Give item / drop item | 2 | |
| Remove unit from queue | 1 | |
| Right click | 360 | |
| Select / deselect | 261 | |
| Use ability | 54 | |
789 total
» units
| Peon | 14 | |
| Grunt | 5 | |
| Tauren | 11 | |
| Shaman | 8 | |
38 total
» upgrades
| Melee Weapons | 3 | |
| Armor | 2 | |
| Spiked Barricades | 2 | |
| Shaman Training | 2 | |
| Pulverize | 1 | |
| Reinforced Defenses | 1 | |
11 total
» buildings
| Orc Burrow | 11 | |
| Altar of Storms | 1 | |
| Barracks | 1 | |
| War Mill | 1 | |
| Voodoo Lounge | 1 | |
| Watch Tower | 9 | |
| Stronghold | 1 | |
| Fortress | 1 | |
| Spirit Lodge | 1 | |
| Great Hall | 1 | |
| Tauren Totem | 2 | |
30 total
» build order
00:16 Orc Burrow
00:21 Altar of Storms
01:12 Barracks
01:25 War Mill
02:17 Orc Burrow
02:36 Voodoo Lounge
03:04 Watch Tower
03:23 Watch Tower
04:05 Orc Burrow
05:15 Orc Burrow
05:25 Stronghold
06:19 Orc Burrow
07:15 Watch Tower
07:55 Orc Burrow
07:57 Fortress
08:04 Spirit Lodge
08:27 Watch Tower
08:59 Orc Burrow
09:34 Great Hall
10:59 Orc Burrow
11:03 Tauren Totem
11:07 Tauren Totem
12:31 Watch Tower
14:08 Watch Tower
14:11 Watch Tower
15:44 Watch Tower
17:13 Orc Burrow
17:36 Orc Burrow
18:29 Watch Tower
18:32 Orc Burrow
» items
| Healing Salve | 2 | |
| Lesser Clarity Potion | 3 | |
| Orb of Lightning | 1 | |
| Potion of Healing | 3 | |
9 total
Chat log
(00:03 / All) ih8naggers: ahhh shit
(00:10 / All) tree.: ?
(00:21 / Allies) Beelzebob: free expo
(00:34 / All) KakaenMiPene: hi pervert daddy
(00:37 / All) ih8naggers: look at who we got here son
(00:41 / All) UCanCallMeSock: ?
(00:42 / All) ih8naggers: cum at me son
(00:56 / All) JollyCooperatn: what the hell are you talking about
(00:56 / All) MASS-EFFECT-3: what yo talknkig about pink
(00:59 / Allies) tree.: I'll take that expo
(01:03 / All) ih8naggers: talking bout you son
(01:05 / All) ih8naggers: cum at me
(01:12 / Allies) ih8naggers: ya take dat expo son
(01:19 / All) UCanCallMeSock: lol
(01:21 / Allies) KakaenMiPene: hope u lose asshole
(01:26 / All) ih8naggers: daang, someoen got a problem
(01:54 / All) ih8naggers: you gud green son?
(01:56 / Allies) tree.: wood
(02:22 / All) ih8naggers: cum at me son
(02:23 / All) JollyCooperatn: we arent your son
(02:31 / All) Beelzebob: Speak for yourself
(03:43 / All) ih8naggers: hoo wanna cum at dis son?
(04:12 / Allies) ih8naggers: dat gay gonna expo there son
(05:26 / Allies) tree.: thanks for the wood pink
(05:31 / Allies) ih8naggers: fack you son
(05:49 / All) ih8naggers: represent!
(06:29 / All) ih8naggers: dang son
(06:36 / All) UCanCallMeSock: cum at me?
(06:39 / All) ih8naggers: y u playa hate on my foot?
(06:51 / All) ih8naggers: nah son, you cum at me!
(07:08 / All) JollyCooperatn: there will be no cumming on sons, thank you very much
(07:10 / All) UCanCallMeSock: well as hot as that would be...
(07:14 / All) ih8naggers: i ain't afraid of no ghost
(07:32 / All) ih8naggers: it's hawt son
(07:36 / All) ih8naggers: lern to spel
(07:46 / All) UCanCallMeSock: sowee
(07:52 / All) ih8naggers: dat betta son
(08:32 / All) ih8naggers: ain't no thang but a chicken wang son
(09:40 / Allies) ih8naggers: lumber me purp son
(09:47 / Allies) Beelzebob: I'm going wyrms
(09:52 / Allies) tree.: tp
(09:53 / Allies) ih8naggers: ya you got plenty
(09:56 / Allies) ih8naggers: hook a brutha up son
(10:00 / Allies) Beelzebob: not after I make boneyards
(10:01 / Allies) ih8naggers: you ok son
(10:02 / Allies) Beelzebob: upgrades
(10:03 / All) UCanCallMeSock: rough life
(10:05 / Allies) ih8naggers: keep it repaired
(10:08 / Allies) Beelzebob: and build 120 wood wyrms
(10:15 / Allies) ih8naggers: dang son, you ai'nt now
(10:16 / Allies) Beelzebob: plus get towers
(10:32 / Allies) tree.: going for gryphons
(10:39 / Allies) ih8naggers: ya same son
(10:43 / Allies) ih8naggers: wid sum hawks
(12:09 / Allies) tree.: tp
(12:16 / Allies) ih8naggers: no son
(12:18 / Allies) ih8naggers: can't defend dat shit
(12:29 / Allies) ih8naggers: it's juz an expo
(12:30 / Allies) ih8naggers: make units
(12:51 / Allies) ih8naggers: dang green you ain't make shit son
(13:43 / Allies) ih8naggers: give me a sex, i cum in and rox his ass
(15:07 / Allies) Beelzebob: I got shade
(15:14 / Allies) ih8naggers: out son
(15:30 / Allies) Beelzebob: delay on tp
(15:31 / Allies) ih8naggers: make sum units green
(15:33 / Allies) ih8naggers: fack you suck
(15:59 / Allies) tree.: I went early expo, not going to have 7000 gryphons moron
(16:58 / All) ih8naggers: dang, you so lucky my teammates are clueless
(19:08 / All) ih8naggers: see what i'm sayin'? purp massed wyrms and ain't no how to use em
(19:15 / All) Beelzebob: Fuck off idiot
(19:15 / All) MASS-EFFECT-3: lawl
(19:19 / All) Beelzebob: You kept leaving when I was showing up
(19:19 / All) MASS-EFFECT-3: stay pink im killing teal
(20:14 / Allies) Beelzebob: kill teal before he masses bats
(20:25 / All) ih8naggers: i think they got a tker alraedy son
(21:33 / All) ih8naggers: chex dis out son, i ressurrect dem peons
(21:47 / All) ih8naggers: how you like dem apples?
(22:16 / All) ih8naggers: dang son
(22:32 / All) ih8naggers: got da perverbial jump on me son
(22:58 / All) MASS-EFFECT-3: u can keep ur mk orange
(22:59 / All) MASS-EFFECT-3: thats it
(23:09 / All) JollyCooperatn: you are weird
(23:25 / All) JollyCooperatn: do you have control issues or something
(23:34 / All) MASS-EFFECT-3: yes, daddy didnt love me
(23:45 / All) MASS-EFFECT-3: stay teal!
(23:46 / All) ih8naggers: ya son
(23:48 / All) MASS-EFFECT-3: u can have those
(23:51 / All) MASS-EFFECT-3: lets finish pink
(24:22 / All) ih8naggers: shit, why iz i lagging sons?
(24:26 / All) MASS-EFFECT-3: here comes the rape pink
(24:58 / All) ih8naggers: its' good i can tp eh? son?
(25:17 / All) Beelzebob: AW SHIT NIGGA
(25:18 / All) ih8naggers: dang, we got two dumbasses in dis game
(25:24 / All) Beelzebob: YALL DONE AND GONE AND FUCKED IT UP FOR EVERBODY
(25:25 / All) MASS-EFFECT-3: I AM DUMB TOO
(25:38 / All) ih8naggers: cuda told me you gonan be a dumbass earlier, i would've saved me sum time
(25:42 / All) ih8naggers: i out sons
(25:48 / All) Beelzebob: Yeah but where's the fun in that?
(26:12 / All) Beelzebob: wht are pink's stats
(26:53 / All) MASS-EFFECT-3: relax teal these are the rules
(27:06 / All) MASS-EFFECT-3: where green hero at
(27:17 / All) tree.: just resurrected him
(27:22 / All) tree.: a bolt killed him
(27:26 / All) MASS-EFFECT-3: WHERE RETARD FREE FOOD
(27:35 / All) tree.: top right
(28:07 / All) MASS-EFFECT-3: stay there nigga
(28:10 / All) tree.: k
(28:10 / All) MASS-EFFECT-3: talk in all chat teal
(28:34 / All) UCanCallMeSock: i have no burrows left :(
(28:54 / All) MASS-EFFECT-3: control oranges hero teal
(30:22 / All) Beelzebob: MANKIND HAS GOT TO KNOW
(30:22 / All) MASS-EFFECT-3: can pally hurt inferno with heal?
(30:26 / All) Beelzebob: HIS LIMITATIONS!
(30:31 / All) Beelzebob: nope
(30:33 / All) Beelzebob: immune to magic
(30:59 / All) MASS-EFFECT-3: i think i stabbed my team way too early
(31:05 / All) MASS-EFFECT-3: wish yellow didn't leave
(31:16 / All) MASS-EFFECT-3: anti climatic
(31:21 / All) MASS-EFFECT-3: no contest
(31:34 / All) tree.: I have 2 control groups, 100/100 army
(31:43 / All) tree.: Normally I stay at 80/80, this is very strange
(32:38 / All) UCanCallMeSock: well. red broke the 20k mark
(32:46 / All) UCanCallMeSock: purtty impressive
(34:07 / All) UCanCallMeSock: purple can you kill off green and pink?
(34:15 / All) UCanCallMeSock: i think then we still might win
(34:17 / All) Beelzebob: Why would Iwant to do that
(34:24 / All) tree.: My army is too strong teal, and why would he want to?
(34:27 / All) UCanCallMeSock: sport
(34:38 / All) MASS-EFFECT-3: ooo
(34:42 / All) Beelzebob: I like Green he's been kind to me, he has said nice things about me
(34:42 / All) MASS-EFFECT-3: he challenging u two
(35:02 / All) MASS-EFFECT-3: i thought tela was turncoat, he has a name turncoat always makes like
(35:19 / All) Beelzebob: lawl
(35:27 / All) MASS-EFFECT-3: who is itachi again
(35:30 / All) tree.: Me
(35:34 / All) MASS-EFFECT-3: wow really
(35:36 / All) Beelzebob: You have a goldfish memory
(35:36 / All) tree.: Yeah
(35:44 / All) MASS-EFFECT-3: i thought for sure purple was itachi
(35:45 / All) UCanCallMeSock: goldfish doooo have memory though
(35:51 / All) UCanCallMeSock: mythbusters
(35:58 / All) Beelzebob: Just bad ones
(36:19 / All) UCanCallMeSock: red are you still here?
(36:30 / All) MASS-EFFECT-3: yes
(36:32 / All) MASS-EFFECT-3: whats up teal
(36:41 / All) UCanCallMeSock: sad day
(36:45 / All) tree.: Free xp in the middle
(36:47 / All) MASS-EFFECT-3: why
(36:48 / All) tree.: I made pink some shit
(36:56 / All) UCanCallMeSock: just curious. that's all
(36:59 / All) UCanCallMeSock: you've been quiet
(36:59 / All) UCanCallMeSock: womps